 Dungeon Crawl Stone Soup version 0.18-b1-22-ge198996 (webtiles) character file.

1765 vatarom the Skirmisher (level 9, 0/77 (78) HPs)
             Began as a Ghoul Chaos Knight on May 4, 2016.
             Slain by a worker ant (1 damage)
             ... on level 7 of the Dungeon.
             The game lasted 00:33:02 (6690 turns).

vatarom the Skirmisher (Ghoul Chaos Knight)         Turns: 6690, Time: 00:33:03

HP:   0/77 (78)     AC:  5    Str: 16    XL:     9   Next: 7%
MP:   8/8           EV: 13    Int:  7    God:    Xom [...*..]
Gold: 278           SH:  0    Dex: 11    Spells: 0 memorised, 8 levels left

rFire  + . .     SeeInvis .       - Unarmed
rCold  + . .     Gourm    .     a - +2 leather armour
rNeg   + + +     Faith    .     (no shield)
rPois  ∞         Spirit   .     (no helmet)
rElec  .         Dismiss  .     (no cloak)
rCorr  .         Reflect  .     (no gloves)
SustAt .         Harm     .     (no boots)
MR     .....                    (no amulet)
Stlth  +.........               t - ring of positive energy
                                m - ring of protection from fire

@: rotting, not resistant to hostile enchantments, very unstealthy
A: rotting body, claws 1, carnivore 3, cold resistance 1, negative energy
resistance 3, slow regeneration 1, torment resistance, unbreathing
a: Renounce Religion


You were on level 7 of the Dungeon.
You worshipped Xom.
You were a favourite toy of Xom.
You were not hungry.

You visited 1 branch of the dungeon, and saw 7 of its levels.

You collected 320 gold pieces.
You spent 42 gold pieces at shops.

Inventory:

Hand Weapons
 r - a +3 shortbow of chaos
Missiles
 s - 71 arrows
Armour
 a - a +2 leather armour (worn)
 c - a +1 robe of fire resistance
Jewellery
 j - an uncursed ring of fire
 m - a ring of protection from fire (left claw)
 t - a ring of positive energy (right claw)
Wands
 g - a wand of lightning (5/15)
 o - a wand of paralysis (16/24)
Scrolls
 d - 6 scrolls of remove curse
 e - 2 scrolls of teleportation
 l - 8 scrolls of identify
 q - a scroll of fog {unknown}
 v - 3 scrolls of random uselessness {unknown}
Potions
 h - 2 potions of magic
 i - 2 potions of cancellation
 u - 2 potions of brilliance
Books
 f - a Young Poisoner's Handbook

   Spells                             Type                      Level
   a - Sting                          Conjuration/Poison           1
   b - Cure Poison                    Poison                       2
   c - Mephitic Cloud                 Conjuration/Poison/Air       3
   d - Olgreb's Toxic Radiance        Poison                       4
   e - Venom Bolt                     Conjuration/Poison           5
Comestibles
 b - 2 meat rations
 n - a slice of pizza


   Skills:
 + Level 6.6 Fighting
 + Level 3.6 Bows
 - Level 1.7 Armour
 - Level 5.3 Dodging
   Level 4.4 Shields
 - Level 6.2 Unarmed Combat


You had 8 spell levels left.
You didn't know any spells.

Dungeon Overview and Level Annotations

Branches:
Dungeon (7/15)             Temple (0/1) D:5

Altars:
Cheibriados
Elyvilon
Fedhas
Nemelex Xobeh
Ru
Sif Muna
Xom
Zin

Shops:
D:6 *


Innate Abilities, Weirdness & Mutations

Your body is rotting away.
You thrive on raw meat.
You are immune to poison.
You have sharp fingernails.
You are carnivorous and can eat meat at any time.
Your flesh is cold resistant.
You are immune to negative energy.
You regenerate slowly when monsters are visible.
You are immune to unholy pain and torment.
You can survive without breathing.


Message History

Read which item? (? for menu, Esc to quit)
As you read the scroll of teleportation, it crumbles to dust.
You feel strangely unstable. Something hits you!
* * * LOW HITPOINT WARNING * * *
You closely miss something. Something hits you.
* * * LOW HITPOINT WARNING * * *
Something hits you!
* * * LOW HITPOINT WARNING * * *
Your surroundings suddenly seem different.
Found an ichor-stained dagger.
A worker ant comes into view.
The worker ant bites you.
* * * LOW HITPOINT WARNING * * *
Drink which item? (? for menu, Esc to quit)
Okay, then.
You scratch the worker ant.
The worker ant is lightly wounded.
The worker ant bites you.
You die... "Huh?
Did I miss anything?"

. .. ...#######
.........#####..
.........a......
........@#
.........#
.........#
###......#
#......#
#......#
...)...##
........#
.........


You could see a worker ant.

Vanquished Creatures
  Eustachio (D:6)
  Purgy (D:4)
  An ogre (D:5)
  5 centaurs
  A gnoll sergeant (D:5)
  A scorpion (D:5)
  3 crimson imps
  An orc priest (D:3)
  2 hounds (D:5)
  3 orc wizards
  A centaur skeleton (D:5)
  Ijyb (D:3)
  An iguana (D:4)
  5 worker ants
  11 gnolls
  11 adders
  A shadow imp (D:7)
  An ooze (D:2)
  3 worms
  5 dart slugs
  3 giant geckos
  18 orcs
  2 ball pythons
  6 bats
  3 giant cockroaches
  7 hobgoblins
  9 jackals
  6 kobolds
  2 quokkas
  7 giant newts
  10 goblins
  9 rats
141 creatures vanquished.

Vanquished Creatures (collateral kills)
  A gnoll shaman (D:6)
  An adder (D:7)
  A worm (D:4)
  A giant newt (D:4)
4 creatures vanquished.

Vanquished Creatures (others)
  The ghost of ThereIsNoGod the Insei, a novice DsGl of Cheibriados (D:5)
  A quokka (D:4)
2 creatures vanquished.

Grand Total: 147 creatures vanquished

Notes
Turn   | Place    | Note
--------------------------------------------------------------
     0 | D:1      | vatarom the Ghoul Chaos Knight began the quest for the Orb.
     0 | D:1      | Reached XP level 1. HP: 19/19 MP: 0/0
    41 | D:1      | Reached skill level 1 in Dodging
    44 | D:1      | XOM: smoke on damage
    87 | D:1      | Reached XP level 2. HP: 26/26 MP: 1/1
   116 | D:1      | XOM: harmless Tloc miscast
   238 | D:1      | XOM: silly message
   419 | D:1      | XOM: colour smoke trail
   465 | D:1      | XOM: enchant monster (bad)
   598 | D:2      | Reached XP level 3. HP: 32/32 MP: 2/2
   764 | D:2      | XOM: harmless Air miscast
  1039 | D:2      | Reached XP level 4. HP: 19/40 MP: 3/3
  1129 | D:2      | XOM: god gift: 2 potions of magic
  1522 | D:3      | Found a sacrificial altar of Ru.
  1785 | D:3      | XOM: silly message
  1801 | D:3      | Reached XP level 5. HP: 30/47 MP: 4/4
  2259 | D:3      | Noticed Ijyb
  2300 | D:3      | Killed Ijyb
  2487 | D:3      | XOM: scenery: 1 doors close
  2784 | D:4      | XOM: cast spell 'Call Canine Familiar'
  2785 | D:4      | XOM: harmless Air miscast
  2792 | D:4      | Reached XP level 6. HP: 51/53 MP: 5/5
  2828 | D:4      | XOM: harmless Tloc miscast
  2948 | D:4      | Noticed Purgy
  2970 | D:4      | Killed Purgy
  2970 | D:4      | Reached skill level 5 in Unarmed Combat
  2986 | D:4      | XOM: potion effect (might)
  2989 | D:4      | XOM: summons friendly crimson imp
  3036 | D:4      | Reached XP level 7. HP: 24/60 MP: 6/6
  3058 | D:4      | XOM: 2-stop teleportation journey
  3225 | D:4      | Found a white marble altar of Elyvilon.
  3305 | D:4      | Found a white marble altar of Elyvilon.
  3346 | D:5      | Entered Level 5 of the Dungeon
  3383 | D:5      | Reached skill level 5 in Dodging
  3668 | D:5      | Noticed ThereIsNoGod's ghost (novice DsGl)
  3670 | D:5      | Found a deep blue altar of Sif Muna.
  3676 | D:5      | XOM: blink monster(s)
  3989 | D:5      | Found a staircase to the Ecumenical Temple.
  4007 | D:5      | Reached skill level 1 in Shields
  4016 | D:5      | HP: 1/59 [orc (4)]
  4056 | D:5      | XOM: divination: magic mapping
  4439 | D:5      | Reached XP level 8. HP: 27/67 MP: 7/7
  4549 | D:5      | XOM: 4-stop teleportation journey
  4677 | D:5      | XOM: chaos upgrade
  5160 | D:5      | Killed ThereIsNoGod's ghost
  5160 | D:5      | Reached skill level 5 in Fighting
  5160 | D:5      | Reached skill level 1 in Bows
  5160 | D:5      | XOM: divine lightning (protected)
  5183 | D:5      | Found a sparkling altar of Nemelex Xobeh.
  5230 | D:5      | XOM: enchant monster (good)
  5366 | D:5      | XOM: god gift: 19 stones
  5583 | D:6      | Found a shimmering altar of Xom.
  5676 | D:6      | Found a snail-covered altar of Cheibriados.
  5681 | D:6      | XOM: divination: detect items
  5709 | D:6      | Found a blossoming altar of Fedhas.
  5792 | D:6      | Noticed Eustachio
  5794 | D:6      | XOM: summons 7 friendly demons
  5808 | D:6      | Killed Eustachio
  5915 | D:6      | XOM: harmless Ice miscast
  5935 | D:6      | XOM: summons 2 friendly demons
  5937 | D:6      | Reached XP level 9. HP: 38/78 MP: 8/8
  6154 | D:6      | Found a glowing silver altar of Zin.
  6218 | D:6      | XOM: vitrification
  6221 | D:6      | XOM: noise
  6257 | D:6      | Found Plog's General Store.
  6265 | D:6      | Bought a scroll of teleportation for 42 gold pieces
  6328 | D:6      | Found a blossoming altar of Fedhas.
  6567 | D:7      | XOM: mild Necr miscast
  6655 | D:7      | XOM: scenery: 1 doors close
  6657 | D:7      | XOM: enchant monster (good)
  6667 | D:7      | XOM: summons friendly quasit
  6689 | D:7      | HP: 1/77 [worker ant (4)]
  6690 | D:7      | Slain by a worker ant

Skill      XL: |  1  2  3  4  5  6  7  8 |
---------------+-------------------------+-----
Dodging        | 1 2 3 4 5 |  5.3
Fighting       | 4 6 |  6.6
Unarmed Combat | 4 5 6 |  6.2
Shields        | 3 4 |  4.4
Bows           | 3 |  3.6
Armour         | |  1.7

Action                   |  1- 3 |  4- 6 |  7- 9 || total
-------------------------+-------+-------+-------++-------
Melee: Unarmed           |    96 |   215 |   250 ||   561
       Punch             |       |     2 |     6 ||     8
 Fire: Shortbow          |       |       |    44 ||    44
Throw: Throwing net      |       |       |     1 ||     1
Evoke: Wand              |     2 |     1 |       ||     3
  Use: Scroll            |     5 |     1 |     3 ||     9
       Potion            |     6 |     4 |     2 ||    12
 Stab: Petrified         |       |       |     1 ||     1
  Eat: Chunk             |     9 |     6 |    11 ||    26
       Meat ration       |       |       |     1 ||     1
Armor: Leather armour    |    32 |    73 |    38 ||   143
Dodge: Dodged            |    77 |   202 |   164 ||   443
Block: Buckler           |       |       |    19 ||    19
